 Dungeon Crawl Stone Soup version 0.27.1-37-g7b29ead8ac (console) character file.

Game seed: 8785732330445077136

565 grimtooth the Magician (level 7, -6/36 HPs)
             Began as a Deep Elf Hedge Wizard on Dec 16, 2023.
             Succumbed to Blork the orc's poison
             ... on level 5 of the Dungeon.
             The game lasted 00:22:24 (6799 turns).

grimtooth the Magician (Deep Elf Hedge Wizard)      Turns: 6799, Time: 00:22:25

Health: -6/36      AC:  2    Str:  7    XL:     7   Next: 10%
Magic:  0/18       EV: 12    Int: 21    God:
Gold:   184        SH:  0    Dex: 14    Spells: 8/18 levels left

rFire    . . .     SeeInvis .   a - +0 dagger (freeze)
rCold    . . .     Faith    .   (no shield)
rNeg     . . .     Spirit   .   b - +0 robe
rPois    .         Reflect  .   c - +0 hat
rElec    .         Harm     .   (no cloak)
rCorr    .         Rampage  .   (no gloves)
Will     .....                  (no boots)
Stlth    ++........             (no amulet)
HPRegen  0.12/turn              r - ring of flight
MPRegen  0.16/turn              (no ring)

@: lethally poisoned (-6 -> -36), flying
A: no striking features
a: no special abilities


You were on level 5 of the Dungeon.
You visited 1 branch of the dungeon, and saw 5 of its levels.

You collected 206 gold pieces.
You spent 22 gold pieces at shops.

Inventory:

Hand Weapons
 a - a +0 dagger of freezing (weapon)
Missiles
 d - 5 curare-tipped darts (quivered)
 f - 131 stones
 j - 11 poisoned darts
 u - 6 boomerangs
Armour
 b - a +0 robe (worn)
 c - a +0 hat (worn)
Jewellery
 r - a ring of flight (left hand)
Scrolls
 h - a scroll of vulnerability {unknown}
 i - 2 scrolls of brand weapon
 k - 2 scrolls of teleportation {unknown}
 l - 2 scrolls of enchant armour {unknown}
 m - a scroll of summoning {unknown}
Potions
 e - 3 potions of curing {unknown}
 g - 2 potions of flight {unknown}
 n - 2 potions of heal wounds {unknown}
 o - a potion of attraction
 p - 3 potions of lignification {unknown}
 q - a potion of ambrosia {unknown}
 s - a potion of resistance {unknown}
 t - a potion of mutation {unknown}
 v - a potion of degeneration {unknown}


   Skills:
 - Level 2.4 Dodging
 - Level 2.4 Stealth
 - Level 6.0 Spellcasting
 - Level 6.0 Conjurations
 + Level 0.4 Hexes
 * Level 3.5 Summonings
 - Level 3.0 Translocations
 + Level 0.3 Fire Magic


You had 8 spell levels left.
You knew the following spells:

 Your Spells              Type           Power      Damage    Failure   Level
a - Magic Dart            Conj           100%       1d8       1%          1
b - Conjure Flame         Conj/Fire      19%        6-21      9%          3
k - Blink                 Tloc           N/A        N/A       4%          2
s - Slow                  Hex            8%         N/A       13%         2
P - Call Imp              Summ           21%        N/A       3%          2

Your spell library contained the following spells:

 Spells                   Type           Power      Damage    Failure   Level
 Mephitic Cloud           Conj/Pois/Air  14%        N/A       13%         3
 Ensorcelled Hibernation  Hex/Ice        14%        N/A       14%         2
 Sticky Flame             Conj/Fire      19%        2d4       26%         4
 Ignite Poison            Fire/Tmut/Pois 6%         N/A       28%         3
 Spider Form              Tmut/Pois      3%         N/A       28%         3
 Shadow Creatures         Summ           N/A        N/A       98%         6


Dungeon Overview and Level Annotations

Branches:
Dungeon (5/15)
 Temple: D:4-7

Altars:
Qazlal

Shops:
D:3 *:=[

Annotations:
D:5 Blork the orc


Message History

You don't know that spell.
Casting: Call Imp (safe; 3% risk of failure)
Confirm with . or Enter, or press ? or * to list all spells.
A beastly little devil appears in a puff of flame.
Blork the orc hits your crimson imp with a +2 war axe of venom!
Your crimson imp dies!
Your crimson imp disappears in a puff of smoke!
Casting: Call Imp (safe; 3% risk of failure)
Confirm with . or Enter, or press ? or * to list all spells.
A beastly little devil appears in a puff of flame.
Blork the orc casts a spell at you. The magic dart hits you.
Your crimson imp blinks!
Press: ? - help, v - describe, . - travel
Here: Blork the orc, wielding a +2 war axe of venom and wearing a +0 robe (moderately wounded, ally target)
The floor.
Okay, then.
You are too injured to fight recklessly!
Throw: 6 darts (curare)
Press: ? - help, Q - select action, (/) - cycle Shift-Dir - straight line, f/p - Blork the orc
Aim: Blork the orc, wielding a +2 war axe of venom and wearing a +0 robe (moderately wounded, ally target, 61% to hit)
You throw a curare-tipped dart.
The curare-tipped dart hits Blork the orc.
Blork the orc is poisoned.
Blork the orc convulses.
Blork the orc seems to slow down.
Blork the orc is severely wounded.
Blork the orc misses you.
Blork the orc barely misses something.
Okay, then.
Okay, then.
You hit Blork the orc. You freeze Blork the orc.
Blork the orc is almost dead.
Blork the orc hits you with a +2 war axe of venom!
* * * LOW HITPOINT WARNING * * *
You are lethally poisoned!
Blork the orc closely misses your crimson imp.
Unknown command.
Casting: Call Imp (safe; 3% risk of failure)
Confirm with . or Enter, or press ? or * to list all spells.
You blink.
You die...

########## .........##
##. ######.#(## ###
#...########.###.#####..
.......@....## ##.......
#.#..#..5###.###.#####..
#. ##..o§...#...## ##.
.#...#####.###.####.
#....5# #.# #......
#.##..# #.###.####.
#.##..#####5...## #. #
#.....o...#### ##
#..?.###### # ##...# #
##..# #


You could see Blork the orc (very poisoned, slow, ally target) and 2 friendly
crimson imps.

Vanquished Creatures
  A wraith (D:5)
  A necrophage (D:5)
  A scorpion (D:5)
  2 hounds (D:4)
  An iguana (D:4)
  A hound skeleton (D:5)
  4 adders
  A white imp (D:5)
  5 worms
  A dart slug (D:2)
  4 orcs (D:4)
  5 bats
  7 endoplasms
  10 goblins
  9 hobgoblins
  3 jackals (D:4)
  2 quokkas
  10 ball pythons
  A frilled lizard (D:2)
  3 kobolds
  6 rats
78 creatures vanquished.

Vanquished Creatures (collateral kills)
  A howler monkey (D:5)
  Ijyb (D:3)
  An adder (D:4)
  2 orcs (D:4)
  A giant cockroach (D:3)
6 creatures vanquished.

Grand Total: 84 creatures vanquished

Notes
Turn   | Place    | Note
-------+----------+-------------------------------------------
     0 | D:1      | grimtooth the Deep Elf Hedge Wizard began the quest for the
                  | Orb.
     0 | D:1      | Reached XP level 1. HP: 10/10 MP: 7/7
   401 | D:1      | Reached XP level 2. HP: 15/15 MP: 6/9
  1100 | D:1      | Learned a level 2 spell: Blink
  1103 | D:1      | Learned a level 2 spell: Call Imp
  1377 | D:2      | Reached XP level 3. HP: 19/19 MP: 7/11
  1526 | D:2      | Reached skill level 5 in Spellcasting
  2240 | D:2      | Found a faded altar of an unknown god.
  2505 | D:3      | Found Ilaskuan's Jewellery Shop.
  2521 | D:3      | - that seems cheap for four winds
  2659 | D:3      | Reached XP level 4. HP: 24/24 MP: 9/13
  2913 | D:3      | Found a stormy altar of Qazlal.
  3114 | D:3      | Found Ulit's Antique Armour Boutique.
  3137 | D:3      | Noticed Ijyb
  3303 | D:3      | Found Qycep's Book Emporium.
  3468 | D:3      | Killed Ijyb
  3786 | D:3      | Found Vaiteh's General Store.
  3794 | D:3      | Bought a scroll of identify for 22 gold pieces
  3984 | D:4      | Reached XP level 5. HP: 20/28 MP: 9/15
  5123 | D:5      | Entered Level 5 of the Dungeon
  5132 | D:5      | Noticed a wraith
  5494 | D:4      | Learned a level 2 spell: Slow
  5524 | D:5      | Noticed a phantom
  5570 | D:5      | Noticed a necrophage
  6030 | D:4      | Learned a level 3 spell: Conjure Flame
  6177 | D:5      | Killed a necrophage
  6178 | D:5      | Reached skill level 5 in Conjurations
  6178 | D:5      | Reached XP level 6. HP: 23/32 MP: 3/17
  6390 | D:5      | Killed a wraith
  6582 | D:5      | Reached XP level 7. HP: 36/36 MP: 1/18
  6772 | D:5      | Noticed Blork the orc
  6798 | D:5      | HP: 1/36 [Blork the orc (14)]
  6799 | D:5      | Succumbed to Blork the orc's poison

Illustrated notes

#...# #...# #
#...# .#
#...##.##
##...#....
######.......#
......$$$...>#
###...$@$#
......$.$#
........##
.##(....#
.#......#
.......<#
####.#### .†.
....# .... .:.


Turn 2521 on D:3: - that seems cheap for four winds

Levels and vault maps discovered:
D:1:      minmay_arrival_five_plusses, layout_loops_ring, minivault_19,
          minmay_3d_cube
D:2:      layout_basic, basic_ecumenical_altar
D:3:      layout_basic, nicolae_qazlal_scattered_showers, serial_shops,
          nicolae_shop_waterfront, shop, shop_coins, shop, uniq_ijyb
D:4:      minmay_diamond_boxcup, layout_rooms
D:5:      minmay_general_purpose_star, layout_loops_ring,
          regret_index_temple_of_mockery, chequers_serial_rivers_micro_c,
          uniq_blork_the_orc

Skill      XL: |  1  2  3  4  5  6 |
---------------+-------------------+-----
Conjurations   | 2 3 4 5 6 |  6.0
Spellcasting   | 5 6 |  6.0
Summonings     | 2 3 |  3.5
Translocations | 2 3 |  3.0
Dodging        | |  2.4
Stealth        | |  2.4
Hexes          | |  0.4
Fire Magic     | |  0.3

Action                   |  1- 3 |  4- 6 |  7- 9 || total
-------------------------+-------+-------+-------++-------
Melee: Dagger            |     1 |    30 |     1 ||    32
Throw: Dart              |    11 |    26 |     1 ||    38
 Cast: Magic Dart        |   105 |   141 |     4 ||   250
       Call Imp          |       |    18 |     7 ||    25
       Blink             |       |    12 |     2 ||    14
       Conjure Flame     |       |     5 |     1 ||     6
       Slow              |       |     1 |       ||     1
  Use: Scroll            |       |     1 |     1 ||     2
 Stab: Sleeping          |     1 |     1 |       ||     2
Armor: Robe              |     2 |    11 |     2 ||    15
Dodge: Dodged            |    10 |    32 |     3 ||    45
